PBL
PORTLAND ANGELS @ CALGARY FLAMES
07/09/2047
 
TOP OF THE 1ST
Portland Angels batting - Pitching for Calgary Flames : LHP Bill Hussey
Pitching: LHP Bill Hussey
Batting: RHB Carlos Gonzales 0-0: Called Strike
0-1: Ball
1-1: Swinging Strike
1-2: Strikes out looking
Batting: RHB Dan Contreras 0-0: Called Strike
0-1: Foul Ball, location: 2F
0-2: Ball
1-2: Strikes out swinging
Batting: LHB Ramon Garduno 0-0: Called Strike
0-1: Called Strike
0-2: Strikes out looking
Top of the 1st over - 0 runs, 0 hits, 0 errors, 0 left on base; Portland 0 - Calgary 0
BOTTOM OF THE 1ST
Calgary Flames batting - Pitching for Portland Angels : LHP Randy Boutilier
Pitching: LHP Randy Boutilier
Batting: SHB Yu-hsui Lew 0-0: Called Strike
0-1: Foul Ball, location: 2F
0-2: Strikes out looking
Batting: RHB Norinaga Yamakawakamatsu 0-0: Foul Ball, location: 2F
0-1: SINGLE (Flyball, 3D, EV 93.1 MPH)
Batting: RHB Willie Torres 0-0: Foul Ball, location: 2F
0-1: Ball
1-1: Fly out, F9 (Flyball, 9D, EV 96.9 MPH)
Batting: RHB Edgardo Rivera 0-0: Ball
1-0: Swinging Strike
1-1: Foul Ball, location: 2F
1-2: Strikes out swinging
Bottom of the 1st over - 0 runs, 1 hit, 0 errors, 1 left on base; Portland 0 - Calgary 0
TOP OF THE 2ND
Portland Angels batting - Pitching for Calgary Flames : LHP Bill Hussey
Batting: RHB Alex Rosaly 0-0: Foul Ball, location: 2F
0-1: Foul Ball, location: 2F
0-2: Ball
1-2: Ball
2-2: Foul Ball, location: 2F
2-2: Ball
3-2: Strikes out looking
Batting: SHB Yuya Hirata 0-0: Called Strike
0-1: Swinging Strike
0-2: Ball
1-2: Strikes out swinging
Batting: RHB Arnaud Derosiers 0-0: Foul Ball, location: 2F
0-1: Ball
1-1: Foul Ball, location: 2F
1-2: Strikes out looking
Top of the 2nd over - 0 runs, 0 hits, 0 errors, 0 left on base; Portland 0 - Calgary 0
BOTTOM OF THE 2ND
Calgary Flames batting - Pitching for Portland Angels : LHP Randy Boutilier
Batting: LHB Gary Corrales 0-0: Called Strike
0-1: Called Strike
0-2: Ball
1-2: Ball
2-2: Strikes out swinging
Batting: RHB Antonio Martinez 0-0: Foul Ball, location: 2F
0-1: Ground out 5-3 (Groundball, 56S, EV 65.6 MPH)
Batting: RHB Tyler Johnson 0-0: Ball
1-0: Foul Ball, location: 2F
1-1: Called Strike
1-2: Ball
2-2: Strikes out swinging
Bottom of the 2nd over - 0 runs, 0 hits, 0 errors, 0 left on base; Portland 0 - Calgary 0
TOP OF THE 3RD
Portland Angels batting - Pitching for Calgary Flames : LHP Bill Hussey
Batting: RHB Mario Martinez 0-0: Foul Ball, location: 2F
0-1: Ground out 1-3 (Groundball, 13S, EV 68.1 MPH)
Batting: LHB Kevin Feldman 0-0: Called Strike
0-1: Called Strike
0-2: SINGLE (Groundball, 4M, EV 106.9 MPH) (infield hit)
Batting: LHB David Coatney 0-0: Called Strike
0-1: SINGLE (Groundball, 56S, EV 71.2 MPH) (infield hit)
Kevin Feldman to second
Batting: RHB Carlos Gonzales 0-0: Ball
1-0: Called Strike
1-1: Called Strike
1-2: Strikes out swinging
Batting: RHB Dan Contreras 0-0: Ball
Passed Ball!
Kevin Feldman to third
David Coatney to second
1-0: Foul Ball, location: 2F
1-1: Ball
2-1: SINGLE (Line Drive, 7LS, EV 106.9 MPH)
Kevin Feldman scores
David Coatney to third
Batting: LHB Ramon Garduno 0-0: Swinging Strike
0-1: Ball
1-1: Swinging Strike
1-2: Ground out U3 (Groundball, 3, EV 93.8 MPH)
Top of the 3rd over - 1 run, 3 hits, 0 errors, 2 left on base; Portland 1 - Calgary 0
BOTTOM OF THE 3RD
Calgary Flames batting - Pitching for Portland Angels : LHP Randy Boutilier
Batting: LHB Bruce Daley 0-0: Ball
1-0: Foul Ball, location: 2F
1-1: Ball
2-1: Ball
3-1: Foul Ball, location: 2F
3-2: Base on Balls
Batting: RHB Pablo Henriquez 0-0: Called Strike
0-1: Ball
1-1: Swinging Strike
1-2: Strikes out swinging
Batting: SHB Yu-hsui Lew 0-0: Ball
1-0: Fly out, F9 (Flyball, 89S, EV 93.1 MPH)
Batting: RHB Norinaga Yamakawakamatsu 0-0: Foul Ball, location: 2F
0-1: Fielders Choice at 2nd, 5-4 (Groundball, 5, EV 91.2 MPH)
Bottom of the 3rd over - 0 runs, 0 hits, 0 errors, 1 left on base; Portland 1 - Calgary 0
TOP OF THE 4TH
Portland Angels batting - Pitching for Calgary Flames : LHP Bill Hussey
Batting: RHB Alex Rosaly 0-0: Called Strike
0-1: Ball
1-1: Called Strike
1-2: Strikes out swinging
Batting: SHB Yuya Hirata 0-0: Ball
1-0: Foul Ball, location: 2F
1-1: Ball
2-1: Fly out, F7 (Flyball, 7LD, EV 91.2 MPH)
Batting: RHB Arnaud Derosiers 0-0: Ball
1-0: Fly out, F9 (Flyball, 9LM, EV 85.6 MPH)
Top of the 4th over - 0 runs, 0 hits, 0 errors, 0 left on base; Portland 1 - Calgary 0
BOTTOM OF THE 4TH
Calgary Flames batting - Pitching for Portland Angels : LHP Randy Boutilier
Batting: RHB Willie Torres 0-0: Ball
1-0: Ball
2-0: Foul Ball, location: 2F
2-1: Fly out, F8 (Flyball, 8LM, EV 90.0 MPH)
Batting: RHB Edgardo Rivera 0-0: Ball
1-0: Ground out 6-3 (Groundball, 6MD, EV 104.4 MPH)
Batting: LHB Gary Corrales 0-0: Ball
1-0: Ball
2-0: Foul Ball, location: 2F
2-1: Ball
3-1: Base on Balls
Batting: RHB Antonio Martinez 0-0: Ball
1-0: Ball
2-0: SINGLE (Groundball, 6M, EV 82.5 MPH) (infield hit)
Gary Corrales to second
Batting: RHB Tyler Johnson 0-0: Ground out 5-3 (Groundball, 56S, EV 81.2 MPH)
Bottom of the 4th over - 0 runs, 1 hit, 0 errors, 2 left on base; Portland 1 - Calgary 0
TOP OF THE 5TH
Portland Angels batting - Pitching for Calgary Flames : LHP Bill Hussey
Batting: RHB Mario Martinez 0-0: Called Strike
0-1: Foul Ball, location: 2F
0-2: Ball
1-2: Strikes out swinging
Batting: LHB Kevin Feldman 0-0: Ball
1-0: Foul Ball, location: 2F
1-1: Foul Ball, location: 2F
1-2: Ball
2-2: Ball
3-2: Ground out U3 (Groundball, 3, EV 105.0 MPH)
Batting: LHB David Coatney 0-0: Ball
1-0: Foul Ball, location: 2F
1-1: Swinging Strike
1-2: Foul Ball, location: 2F
1-2: Strikes out swinging
Top of the 5th over - 0 runs, 0 hits, 0 errors, 0 left on base; Portland 1 - Calgary 0
BOTTOM OF THE 5TH
Calgary Flames batting - Pitching for Portland Angels : LHP Randy Boutilier
Batting: LHB Bruce Daley 0-0: Ball
1-0: Fly out, F7 (Line Drive, 7S, EV 108.1 MPH)
Batting: RHB Pablo Henriquez 0-0: Foul Ball, location: 2F
0-1: Ball
1-1: Ball
2-1: Ball
3-1: Base on Balls
Batting: SHB Yu-hsui Lew 0-0: Foul Ball, location: 2F
0-1: Fly out, F7 (Flyball, 7S, EV 87.5 MPH)
Batting: RHB Norinaga Yamakawakamatsu 0-0: Ball
1-0: Ball
2-0: Ball
3-0: Called Strike
3-1: Swinging Strike
3-2: Fly out, F9 (Flyball, 89S, EV 81.2 MPH)
Bottom of the 5th over - 0 runs, 0 hits, 0 errors, 1 left on base; Portland 1 - Calgary 0
TOP OF THE 6TH
Portland Angels batting - Pitching for Calgary Flames : LHP Bill Hussey
Batting: RHB Carlos Gonzales 0-0: Ball
1-0: Ball
2-0: Ball
3-0: Called Strike
3-1: Base on Balls
Batting: RHB Dan Contreras 0-0: Ball
1-0: Ball
2-0: Foul Ball, location: 2F
2-1: Swinging Strike
2-2: Ball
3-2: Strikes out swinging
Pitching: RHP Scott Howarth
Batting: LHB Ramon Garduno 0-0: Ball
1-0: Ball
2-0: Called Strike
2-1: Called Strike
2-2: Hit by Pitch
Carlos Gonzales to second
Batting: RHB Alex Rosaly 0-0: Ball
1-0: Ball
2-0: Called Strike
2-1: Swinging Strike
2-2: Strikes out swinging
Batting: SHB Yuya Hirata 0-0: Ball
1-0: Called Strike
1-1: Ball
2-1: Foul Ball, location: 2F
2-2: Fly out, F9 (Flyball, 9D, EV 104.4 MPH)
Top of the 6th over - 0 runs, 0 hits, 0 errors, 2 left on base; Portland 1 - Calgary 0
BOTTOM OF THE 6TH
Calgary Flames batting - Pitching for Portland Angels : LHP Randy Boutilier
Batting: RHB Willie Torres 0-0: Called Strike
0-1: Ball
1-1: Ball
2-1: Ball
3-1: Foul Ball, location: 2F
3-2: Base on Balls
Batting: RHB Edgardo Rivera 0-0: Ball
1-0: Grounds into double play, 6-4-3 (Groundball, 6, EV 83.8 MPH)
Batting: LHB Gary Corrales 0-0: Ball
1-0: Ball
2-0: Ball
3-0: Called Strike
3-1: Called Strike
3-2: Strikes out swinging
Bottom of the 6th over - 0 runs, 0 hits, 0 errors, 0 left on base; Portland 1 - Calgary 0
TOP OF THE 7TH
Portland Angels batting - Pitching for Calgary Flames : RHP Scott Howarth
Batting: RHB Arnaud Derosiers 0-0: Ball
1-0: Ball
2-0: Ball
3-0: Base on Balls
Batting: RHB Mario Martinez 0-0: Foul Ball, location: 2F
0-1: Swinging Strike
0-2: Ball
1-2: Ball
2-2: Strikes out swinging
Batting: LHB Kevin Feldman 0-0: Ball
1-0: Called Strike
1-1: Foul Ball, location: 2F
1-2: Fielders Choice at 2nd, 1-6 (Groundball, 13S, EV 68.8 MPH)
Batting: LHB David Coatney 0-0: Called Strike
0-1: Ball
Kevin Feldman is caught stealing 2nd base 2-6
Top of the 7th over - 0 runs, 0 hits, 0 errors, 0 left on base; Portland 1 - Calgary 0
BOTTOM OF THE 7TH
Calgary Flames batting - Pitching for Portland Angels : LHP Randy Boutilier
Pitching: RHP Jerry Romero
Batting: RHB Antonio Martinez 0-0: Ball
1-0: Called Strike
1-1: Foul Ball, location: 2F
1-2: Ball
2-2: Foul Ball, location: 2F
2-2: Strikes out swinging
Batting: RHB Tyler Johnson 0-0: Ball
1-0: Ball
2-0: Called Strike
2-1: Ball
3-1: Reached on error, E5 (Groundball, 56, EV 81.2 MPH)
Batting: LHB Bruce Daley 0-0: Foul Ball, location: 2F
0-1: Ball
1-1: Ball
2-1: Swinging Strike
2-2: Strikes out swinging
Batting: RHB Pablo Henriquez 0-0: Ball
1-0: Ball
2-0: Ball
3-0: Base on Balls
Batting: SHB Yu-hsui Lew 0-0: Ball
1-0: Fly out, F9 (Flyball, 89M, EV 94.4 MPH)
Bottom of the 7th over - 0 runs, 0 hits, 1 error, 2 left on base; Portland 1 - Calgary 0
TOP OF THE 8TH
Portland Angels batting - Pitching for Calgary Flames : RHP Scott Howarth
Batting: LHB David Coatney 0-0: Called Strike
0-1: Ball
1-1: Called Strike
1-2: Strikes out swinging
Batting: RHB Carlos Gonzales 0-0: Ball
1-0: Fly out, F4 (Popup, 23, EV 90.0 MPH)
Batting: RHB Dan Contreras 0-0: Called Strike
0-1: Called Strike
0-2: Ball
1-2: Ball
2-2: Foul Ball, location: 2F
2-2: Ball
3-2: Foul Ball, location: 2F
3-2: Foul Ball, location: 2F
3-2: Foul Ball, location: 2F
3-2: Foul Ball, location: 2F
3-2: Foul Ball, location: 2F
3-2: Base on Balls
Pitching: RHP Brice MacKenzie
Batting: LHB Ramon Garduno 0-0: Called Strike
0-1: Ball
1-1: Swinging Strike
1-2: Foul Ball, location: 2F
1-2: SINGLE (Groundball, 34D, EV 109.4 MPH)
Dan Contreras to second
Runner from 2nd tries for 3rd, SAFE, throw by RF made to third
Batting: RHB Alex Rosaly 0-0: Called Strike
0-1: DOUBLE (Line Drive, 7LM, EV 104.4 MPH)
Dan Contreras scores
Ramon Garduno to third
Batting: SHB Yuya Hirata 0-0: Ball
1-0: Foul Ball, location: 2F
1-1: Swinging Strike
1-2: Strikes out looking
Top of the 8th over - 1 run, 2 hits, 0 errors, 2 left on base; Portland 2 - Calgary 0
BOTTOM OF THE 8TH
Calgary Flames batting - Pitching for Portland Angels : RHP Jerry Romero
Batting: RHB Norinaga Yamakawakamatsu 0-0: Ball
1-0: Called Strike
1-1: Ball
2-1: Foul Ball, location: 2F
2-2: Strikes out swinging
Batting: RHB Willie Torres 0-0: Ball
1-0: Ball
2-0: DOUBLE (Flyball, 8RXD, EV 100.6 MPH)
Batting: RHB Edgardo Rivera 0-0: Ball
1-0: Ball
2-0: Ball
3-0: Called Strike
3-1: DOUBLE (Flyball, 9D, EV 95.0 MPH)
Willie Torres scores
Pinch Hitting: RHB Mick Vaught 0-0: Called Strike
0-1: Foul Ball, location: 2F
0-2: Ball
1-2: Strikes out swinging
Batting: RHB Antonio Martinez 0-0: Ball
1-0: Ball
2-0: Called Strike
2-1: Ball
3-1: Swinging Strike
3-2: Foul Ball, location: 2F
3-2: Base on Balls
Pitching: RHP John Martin
Batting: RHB Tyler Johnson 0-0: Ball
Wild Pitch!
Edgardo Rivera to third
Antonio Martinez to second
1-0: Ball
2-0: Ball
3-0: Base on Balls
Batting: LHB Bruce Daley 0-0: Called Strike
0-1: Ball
1-1: Foul Ball, location: 2F
1-2: Foul Ball, location: 2F
1-2: Ball
2-2: Ground out 6-3 (Groundball, 56, EV 112.5 MPH)
Bottom of the 8th over - 1 run, 2 hits, 0 errors, 3 left on base; Portland 2 - Calgary 1
TOP OF THE 9TH
Portland Angels batting - Pitching for Calgary Flames : RHP Brice MacKenzie
Now in LF: Mick Vaught
Batting: RHB Arnaud Derosiers 0-0: SINGLE (Groundball, 56D, EV 104.4 MPH)
Batting: RHB Mario Martinez 0-0: Called Strike
0-1: Foul Ball, location: 2F
0-2: Ball
1-2: Ball
2-2: Foul Ball, location: 2F
2-2: Ball
3-2: Strikes out swinging
Batting: LHB Kevin Feldman 0-0: Swinging Strike
0-1: Swinging Strike
0-2: Ball
1-2: Foul Ball, location: 2F
1-2: Ball
2-2: Strikes out swinging
Batting: LHB David Coatney 0-0: Foul Ball, location: 2F
0-1: Ball
1-1: Foul Ball, location: 2F
1-2: Foul Ball, location: 2F
1-2: SINGLE (Groundball, 4D, EV 94.4 MPH)
Arnaud Derosiers to second
Runner from 2nd tries for 3rd, SAFE, throw by CF made to third
Batting: RHB Carlos Gonzales 0-0: Ball
Passed Ball!
Arnaud Derosiers scores
David Coatney to second
1-0: Ball
Balk!
David Coatney to third
2-0: Ground out 4-3 (Groundball, 34D, EV 82.5 MPH)
Top of the 9th over - 1 run, 2 hits, 0 errors, 1 left on base; Portland 3 - Calgary 1
BOTTOM OF THE 9TH
Calgary Flames batting - Pitching for Portland Angels : RHP John Martin
Batting: RHB Pablo Henriquez 0-0: Called Strike
0-1: Foul Ball, location: 2F
0-2: Ball
1-2: Strikes out swinging
Batting: SHB Yu-hsui Lew 0-0: Ground out U3 (Groundball, 3L, EV 87.5 MPH)
Batting: RHB Norinaga Yamakawakamatsu 0-0: Foul Ball, location: 2F
0-1: Called Strike
0-2: Ball
1-2: Strikes out swinging
Bottom of the 9th over - 0 runs, 0 hits, 0 errors, 0 left on base; Portland 3 - Calgary 1
Thursday, December 15th , 2022 - OOTP Baseball 23.9 Build 102